 Dungeon Crawl Stone Soup version 0.24.0-124-g2791043dd8 (webtiles) character file.

Game seed: 11735529663412808680, levelgen mode: deterministic

897642 magipi the Bringer of Light (level 27, -1/261 HPs)
             Began as a Minotaur Summoner on Feb 14, 2020.
             Was the Champion of the Shining One.
             Slain by a Killer Klown
             ... wielding a +11 club of flaming
              (25 damage)
             ... on level 2 of the Realm of Zot on Feb 16, 2020.
             The game lasted 05:18:34 (86052 turns).

magipi the Bringer of Light (Minotaur Summoner)    Turns: 86052, Time: 05:18:34

Health: -1/261     AC:  0    Str: 24    XL:     27
Magic:  38/38      EV: 19    Int: 12    God:    the Shining One [******]
Gold:   6198       SH:  0    Dex: 11    Spells: 36/46 levels left

rFire    + . .     SeeInvis .   (weapon currently unavailable)
rCold    + . .     Gourm    .   (shield currently unavailable)
rNeg     + + +     Faith    +   (armour currently unavailable)
rPois    .         Spirit   .   (helmet unavailable)
rElec    .         Reflect  .   (cloak currently unavailable)
rCorr    .         Harm     .   (gloves currently unavailable)
MR       ++...     Clarity  +   (boots currently unavailable)
Stlth    +.........             r - amulet "Faithrabi" {Faith +Fly rF+ rC+}
HPRegen  0.53/turn              (ring currently unavailable)
MPRegen  0.26/turn              (ring currently unavailable)

@: pig-form, vertigo, glowing, very quick
A: small, (retaliatory headbutt), clarity, clumsy 1, deterioration 1, wild magic
1
}: 10/15 runes: barnacled, slimy, silver, abyssal, demonic, glowing, magical,
fiery, dark, gossamer
a: Divine Shield, Cleansing Flame, Summon Divine Warrior, Renounce Religion,
Evoke Flight


You were on level 2 of the Realm of Zot.
You worshipped the Shining One.
The Shining One was exalted by your worship.
You were not hungry.
You were a filthy swine.
You visited 13 branches of the dungeon, and saw 56 of its levels.
You visited Pandemonium 1 time, and saw 15 of its levels.
You visited the Abyss 2 times.
You also visited: Trove, Bailey, Gauntlet, Ice Cave, Volcano, Wizlab and Desolation.

You collected 10160 gold pieces.
You spent 3962 gold pieces at shops.

Inventory:

Hand Weapons
 a - a +9 trishula of holy wrath (the Shining One gifted it to you on level 3 of the Vaults)
 b - the +11 broad axe of Zin's Esteem (melded) {chop, rN+}
   (You found it on level 6 of the Lair of Beasts)

   It inflicts extra damage upon your enemies.
   It protects you from negative energy.
Missiles
 m - 14 javelins
 Z - 6 silver javelins (quivered)
Armour
 e - +10 storm dragon scales (melded) {Bai Suzhen}
   (You found it on level 1 of the Crypt)
 n - a +2 pair of gloves of archery (melded)
   (You found it on level 5 of the Pits of Slime)
 p - the +0 pair of boots "Fieryats" (melded) {MR+ Regen+}
   (You acquired it on level 3 of the Depths)

   It affects your resistance to hostile enchantments.
   It increases your rate of regeneration.
 t - the +7 chain mail "Caijem" {rC+ Dex-3 Slay+6 SInv}
   (You found it on level 4 of the Dungeon)

   It affects your dexterity (-3).
   It affects your accuracy and damage with ranged weapons and melee attacks
   (+6).
   It protects you from cold.
   It lets you see invisible.
 u - a +2 cloak of magic resistance (melded)
   (You found it on level 6 of the Dungeon)
 L - a +4 shield of reflection (melded)
   (You found it on level 5 of the Pits of Slime)
Jewellery
 f - the ring "Duegaeny" {rPois rF+ Str+2}
   (You found it on level 2 of the Depths)

   [ring of strength]

   It affects your strength (+2).
   It protects you from fire.
   It protects you from poison.
 o - the ring of Zemi (melded) {rCorr Int+2}
   (You bought it in a shop on level 4 of the Vaults)

   [ring of resist corrosion]

   It affects your intelligence (+2).
   It provides partial protection from all sources of acid and corrosion.
 r - the amulet "Faithrabi" (around neck) {Faith +Fly rF+ rC+}
   (You bought it in a shop on level 9 of the Dungeon)

   [amulet of faith]

   It allows you to gain divine favour quickly.
   It protects you from fire.
   It protects you from cold.
   It lets you fly.
 v - a +5 ring of evasion (melded)
   (You found it in an ice cave)
Wands
 d - a wand of digging (7)
   (You found it on level 10 of the Dungeon)
 B - a wand of acid (70)
   (You found it in a treasure trove)
 D - a wand of enslavement (27)
   (You found it in a treasure trove)
 E - a wand of paralysis (60)
   (You found it in a treasure trove)
 K - a wand of scattershot (16)
   (You found it in a treasure trove)
 O - a wand of iceblast (52)
   (You found it on level 8 of the Dungeon)
 W - a wand of polymorph (8)
   (You found it on level 5 of the Pits of Slime)
Scrolls
 g - 10 scrolls of magic mapping
 h - 13 scrolls of fear
 i - a scroll of summoning
 j - 34 scrolls of identify
 q - 7 scrolls of immolation
 w - a scroll of enchant weapon
 y - 22 scrolls of teleportation
 C - 10 scrolls of blinking
 F - 3 scrolls of holy word
 H - 38 scrolls of remove curse
 P - 16 scrolls of fog
Potions
 k - 3 potions of cancellation
 l - 11 potions of flight
 s - 27 potions of curing
 G - 7 potions of agility
 I - 3 potions of haste
 M - 3 potions of might
 N - 5 potions of mutation
 Q - 4 potions of berserk rage
 S - a potion of magic
 T - 3 potions of heal wounds
 Y - 4 potions of ambrosia
Miscellaneous
 c - 4 phantom mirrors
 z - a lamp of fire
   (You found it on level 3 of the Elven Halls)
 J - a phial of floods
   (You found it on level 5 of the Lair of Beasts)
 R - 6 boxes of beasts
 U - a lightning rod (4/4)
   (You found it on level 3 of the Lair of Beasts)
 V - 6 sacks of spiders
Comestibles
 x - 54 rations


   Skills:
 - Level 24.0 Fighting
 * Level 15.7(16.9) Axes
 - Level 11.2(14.7) Polearms
 - Level 20.0 Throwing
 - Level 17.0 Armour
 - Level 16.0 Dodging
 - Level 1.5 Stealth
 - Level 15.0 Shields
 - Level 10.0 Spellcasting
 - Level 6.0 Hexes
   Level 4.0 Summonings
 - Level 10.0 Translocations
 + Level 24.4 Invocations
 - Level 16.0 Evocations


You had 36 spell levels left.
You knew the following spells:

 Your Spells              Type           Power        Failure   Level  Hunger
a - Apportation           Tloc           #####.       2%          1    None
b - Blink                 Tloc           N/A          3%          2    None
g - Passage of Golubria   Tloc           N/A          9%          4    ####...
p - Portal Projectile     Hex/Tloc       ####..       7%          3    ##.....

Your spell library contained the following spells:

 Spells                   Type           Power        Failure   Level  Hunger
 Gell's Gravitas          Tloc           #####.....   4%          3    ##.....
 Lesser Beckoning         Tloc           #####.....   4%          3    ##.....
 Confusing Touch          Hex            ####..       6%          1    None
 Corona                   Hex            ####...      6%          1    None
 Slow                     Hex            ####....     8%          2    None
 Summon Butterflies       Summ           ###.....     10%         1    None
 Summon Small Mammal      Summ           ###.         10%         1    None
 Shroud of Golubria       Chrm/Tloc      ###...       10%         2    None
 Confuse                  Hex            ####....     12%         3    ##.....
 Tukima's Dance           Hex            ####....     12%         3    ##.....
 Call Imp                 Summ           ###.....     13%         2    None
 Summon Guardian Golem    Hex/Summ       ###.....     16%         3    ##.....
 Ensorcelled Hibernation  Hex/Ice        ###...       17%         2    None
 Call Canine Familiar     Summ           ###.....     21%         3    ##.....
 Cause Fear               Hex            ####......   26%         4    ####...
 Dazzling Spray           Conj/Hex       ###...       28%         3    ##.....
 Inner Flame              Hex/Fire       ###.....     28%         3    ##.....
 Spectral Weapon          Hex/Chrm       ###.....     28%         3    ##.....
 Animate Skeleton         Necr           N/A          30%         1    None
 Beastly Appendage        Tmut           #.....       30%         1    None
 Flame Tongue             Conj/Fire      #....        30%         1    None
 Freeze                   Ice            #...         30%         1    None
 Infusion                 Chrm           #...         30%         1    None
 Magic Dart               Conj           #...         30%         1    None
 Pain                     Necr           #...         30%         1    None
 Sandblast                Erth           #.....       30%         1    None
 Shock                    Conj/Air       #...         30%         1    None
 Sting                    Conj/Pois      #...         30%         1    None
 Force Lance              Conj/Tloc      ###.....     36%         4    ####...
 Corpse Rot               Necr           N/A          41%         2    None
 Passwall                 Tmut/Erth      #.......     41%         2    None
 Poisonous Vapours        Pois/Air       #.....       41%         2    None
 Searing Ray              Conj           #.....       41%         2    None
 Song of Slaying          Chrm           #.......     41%         2    None
 Sticks to Snakes         Tmut           #.......     41%         2    None
 Sublimation of Blood     Necr           #.........   41%         2    None
 Swiftness                Chrm/Air       #.......     41%         2    None
 Throw Flame              Conj/Fire      #.....       41%         2    None
 Throw Frost              Conj/Ice       #.....       41%         2    None
 Conjure Flame            Conj/Fire      #.......     58%         3    ##.....
 Ignite Poison            Fire/Tmut/Pois #.......     58%         3    ##.....
 Mephitic Cloud           Conj/Pois/Air  #.......     58%         3    ##.....
 Ozocubu's Armour         Chrm/Ice       #.......     58%         3    ##.....
 Regeneration             Chrm/Necr      #.........   58%         3    ##.....
 Spider Form              Tmut/Pois      #.........   58%         3    ##.....
 Static Discharge         Conj/Air       #.......     58%         3    ##.....
 Stone Arrow              Conj/Erth      #.....       58%         3    ##.....
 Vampiric Draining        Necr           #.........   58%         3    ##.....
 Fulminant Prism          Conj/Hex       ###.......   58%         4    ####...
 Leda's Liquefaction      Hex/Erth       ###.......   58%         4    ####...
 Summon Ice Beast         Ice/Summ       ##......     69%         4    ####...
 Summon Lightning Spire   Summ/Air       ##......     69%         4    ####...
 Metabolic Englaciation   Hex/Ice        ###.......   86%         5    #####..
 Silence                  Hex/Air        ###.......   86%         5    #####..
 Yara's Violent Unravell  Hex/Tmut       ###.......   86%         5    #####..
 Airstrike                Air            #.........   90%         4    ####...
 Animate Dead             Necr           N/A          90%         4    ####...
 Ice Form                 Ice/Tmut       #.......     90%         4    ####...
 Iskenderun's Mystic Bla  Conj           #.......     90%         4    ####...
 Olgreb's Toxic Radiance  Pois           #.......     90%         4    ####...
 Petrify                  Tmut/Erth      #.......     90%         4    ####...
 Sticky Flame             Conj/Fire      #.......     90%         4    ####...
 Throw Icicle             Conj/Ice       #.......     90%         4    ####...
 Darkness                 Hex            ####......   95%         6    #######
 Invisibility             Hex            ####....     95%         6    #######
 Alistair's Intoxication  Tmut/Pois      #.......     99%         5    #####..
 Blade Hands              Tmut           #.........   99%         5    #####..
 Bolt of Draining         Conj/Necr      #.........   99%         5    #####..
 Bolt of Magma            Conj/Fire/Erth #.........   99%         5    #####..
 Borgnjor's Vile Clutch   Necr/Erth      #.........   99%         5    #####..
 Fireball                 Conj/Fire      #.........   99%         5    #####..
 Irradiate                Conj/Tmut      #.........   99%         5    #####..
 Iskenderun's Battlesphe  Conj/Chrm      #.......     99%         5    #####..
 Lee's Rapid Deconstruct  Erth           #.........   99%         5    #####..
 Lightning Bolt           Conj/Air       #.........   99%         5    #####..
 Venom Bolt               Conj/Pois      #.........   99%         5    #####..
 Shadow Creatures         Summ           N/A          99%         6    #######
 Bolt of Fire             Conj/Fire      #.........   100%        6    #######
 Conjure Ball Lightning   Conj/Air       #.........   100%        6    #######
 Death Channel            Necr           #.........   100%        6    #######
 Deflect Missiles         Chrm/Air       #.........   100%        6    #######
 Freezing Cloud           Conj/Ice/Air   #.........   100%        6    #######
 Hydra Form               Tmut           #.........   100%        6    #######
 Iron Shot                Conj/Erth      #.........   100%        6    #######
 Poison Arrow             Conj/Pois      #.........   100%        6    #######
 Simulacrum               Ice/Necr       #.........   100%        6    #######
 Statue Form              Tmut/Erth      #........    100%        6    #######
 Dragon Form              Tmut           #.........   100%        7    #######
 Haunt                    Necr/Summ      ##........   100%        7    #######
 Malign Gateway           Summ/Tloc      ####......   100%        7    #######
 Monstrous Menagerie      Summ           ###.......   100%        7    #######
 Orb of Destruction       Conj           #.........   100%        7    #######
 Ring of Flames           Chrm/Fire      #.........   100%        7    #######
 Spellforged Servitor     Conj/Summ      ##........   100%        7    #######
 Summon Greater Demon     Summ           ###.......   100%        7    #######
 Borgnjor's Revivificati  Necr           #.........   100%        8    #######
 Chain Lightning          Conj/Air       #.........   100%        8    #######
 Death's Door             Chrm/Necr      #.........   100%        8    #######
 Discord                  Hex            ####......   100%        8    #######
 Ignition                 Fire           #.........   100%        8    #######
 Infestation              Necr           #.........   100%        8    #######
 Lehudib's Crystal Spear  Conj/Erth      #.........   100%        8    #######
 Necromutation            Tmut/Necr      #.........   100%        8    #######
 Summon Horrible Things   Summ           ###.......   100%        8    #######
 Fire Storm               Conj/Fire      #.........   100%        9    #######
 Glaciate                 Conj/Ice       #.........   100%        9    #######
 Shatter                  Erth           #.........   100%        9    #######
 Tornado                  Air            #.........   100%        9    #######


Dungeon Overview and Level Annotations

Branches:
Dungeon (15/15)            Temple (1/1) D:6            Lair (6/6) D:8
 Shoals (4/4) Lair:4       Spider (4/4) Lair:3        Slime (5/5) Lair:6
    Orc (2/2) D:10            Elf (3/3) Orc:2        Vaults (5/5) D:14
  Crypt (3/3) Vaults:2       Tomb (0/3) Crypt:3      Depths (5/5) D:15
   Hell (visited)             Dis (0/7) Hell            Geh (0/7) Hell
    Coc (0/7) Hell            Tar (0/7) Hell            Zot (2/5) Depths:5
 Bailey (visited)           IceCv (visited)         Volcano (visited)
 WizLab (visited)         Desolation (visited)      Gauntlet (visited)

Altars:
Ashenzari
Cheibriados
Dithmenos
Elyvilon
Fedhas
Gozag
Hepliaklqana
Kikubaaqudgha
Makhleb
Nemelex Xobeh
Okawaru
Qazlal
Ru
Sif Muna
Trog
Uskayaw
Vehumet
Wu Jian
Xom
Yredelemnul
Zin
The Shining One
Beogh

Shops:
D:9 =   D:15 [   Orc:2 *::[   Elf:1 *   Shoals:3 (   Vaults:3 :   Vaults:4 =
Vaults:5 *   Depths:5 ([

Portals:
Hell: Depths:1 Depths:2 Depths:3 Depths:4 Depths:5
Abyss: Depths:4 Depths:5
Pandemonium: Depths:3 Depths:5
Ziggurat: Depths:5

Annotations:
D:3 1 runed translucent door
D:5 3 runed translucent doors, exclusion: oklob plant, trianova's ghost, novice NaIE
D:14 Roxanne
Elf:2 3 runed translucent doors
Depths:5 exclusion: door
Zot:1 2 transporters, exclusion: obsidian statue


Innate Abilities, Weirdness & Mutations

((You reflexively headbutt those who attack you in melee.))
((You have a pair of large horns on your head.))
((You have large cloven feet.))
You possess an exceptional clarity of mind.
You are clumsy. (Dex -2)
Your body sometimes deteriorates upon taking damage.
((Your system is resistant to poisons. (rPois)))
Your spells are a little harder to cast, but a little more powerful.


Message History

The dire elephant is almost dead.
You slash the Killer Klown! You closely miss the Killer Klown.
The dire elephant tramples you but does no damage.
The dire elephant trunk-slaps you but does no damage.
The Killer Klown throws klown pie at you.
The klown pie hits you.
Moon pie!
You turn into a filthy swine.
The +11 broad axe of Zin's Esteem {chop, rN+} melds into your body.
Your +2 cloak of magic resistance melds into your body.
Your +2 pair of gloves of archery melds into your body.
The +0 pair of boots "Fieryats" {MR+ Regen+} melds into your body.
Your +4 shield of reflection melds into your body.
Your +10 storm dragon scales {Bai Suzhen} melds into your body.
The ring of Zemi {rCorr Int+2} melds into your body.
Your +5 ring of evasion melds into your body.
You feel less resistant to hostile enchantments.
Your aim is not that steady anymore.
The Killer Klown blinks!
The Killer Klown pokes you with a +11 club of flaming!!
The Killer Klown burns you.
You hit the dire elephant.
The dire elephant is almost dead.
The Killer Klown karate-kicks you with a +11 club of electrocution.
The dire elephant tramples you!
You hold your ground!
The dire elephant misses you. The human barely misses you.
The Killer Klown throws klown pie at you.
The klown pie hits you!!!
Plum!
You feel your light-headedness will last longer.
You hit the dire elephant.
The dire elephant is almost dead.
Unknown command.
Unknown command.
You hit the dire elephant.
The dire elephant is almost dead.
The Killer Klown closely misses you. The dire elephant tramples you!
You hold your ground!
The dire elephant trunk-slaps you!
The Killer Klown sucker-punches you with a +11 club of flaming!!
The Killer Klown burns you. The human completely misses you.
The Killer Klown blinks!
The Killer Klown closely misses you. The Killer Klown misses you.
The Killer Klown is no longer more vulnerable to fire.
The Killer Klown karate-kicks you with a +11 club of electrocution!
The Killer Klown blinks!
A black draconian comes into view. It is wielding a +0 mace.
The black draconian roars!
The black draconian breathes lightning at you.
The bolt of lightning hits you!!!
* * * LOW HITPOINT WARNING * * *
The Killer Klown squeezes you with a +11 club of electrocution!
* * * LOW HITPOINT WARNING * * *
You are electrocuted!
* * * LOW HITPOINT WARNING * * *
Unknown command.
Unknown command.
You feel much better. The Killer Klown smiles at you.
The Killer Klown closely misses you.
Unknown command.
Unknown command.
You feel much better.
The Killer Klown blinks!
The Killer Klown flogs you with a +11 club of electrocution!!
* * * LOW HITPOINT WARNING * * *
You are electrocuted!
* * * LOW HITPOINT WARNING * * *
The Killer Klown blinks!
The Killer Klown kneecaps you with a +11 club of electrocution!!
* * * LOW HITPOINT WARNING * * *
Unknown command.
Okay, then.
Unknown command.
You feel much better. The dire elephant misses you.
The dire elephant closely misses you.
The Killer Klown squeezes you with a +11 club of electrocution!!
* * * LOW HITPOINT WARNING * * *
You are electrocuted!
* * * LOW HITPOINT WARNING * * *
Unknown command.
Unknown command.
You feel much better.
The Killer Klown blinks!
The dire elephant tramples you!
* * * LOW HITPOINT WARNING * * *
You hold your ground!
The dire elephant completely misses you.
The Killer Klown closely misses you.
A storm dragon comes into view.
The Killer Klown throws klown pie at you.
The klown pie hits you!!!
Plum!
You feel your light-headedness will last longer.
The Shining One protects you from harm!
Unknown command.
Unknown command.
You feel much better.
The storm dragon roars deafeningly!
You hear a deafening roar!
The Killer Klown barely misses you. The dire elephant tramples you!!!
* * * LOW HITPOINT WARNING * * *
You hold your ground!
The dire elephant completely misses you.
The Killer Klown throws klown pie at you.
The klown pie misses you. The human misses you.
You hear a deafening roar!
You feel much better.
The Killer Klown defenestrates you with a +11 club of flaming!!
You die...

################
##......p........
#######.#..pp..........
.D....d.pp...##'##.....
#######hYp.p##'''# ....
##.pp..##.....# ....
##.....##.......##...
#.....##....p...p##..
#....##.../p..%...##.
#...##.............##
#..##...............#
##.## #..#


You could see 4 Killer Klowns, a dire elephant, a storm dragon, a black
draconian and 5 humans.

Vanquished Creatures
  Cerebov (Pan)
  the Royal Jelly (Slime:5)
  Gloorx Vloq (Pan)
  Lom Lobon (Pan)
  3 pandemonium lords (Pan)
  Mnoleg (Pan)
  Khufu (Crypt:3)
  A juggernaut (Depths:5)
  Mara (Depths:4)
  An ancient lich (Crypt:3)
  Sojobo (Crypt:3)
  A greater mummy (Crypt:3)
  Margery (Depths:2)
  Saint Roka (Depths:2)
  Bai Suzhen (Crypt:1)
  Xtahua (Crypt:2)
  Geryon (Hell)
  5 golden dragons
  A bone dragon (Abyss:4)
  3 Tzitzimimeh
  14 tentacled monstrosities
  2 hellephants
  Rupert (D:14)
  10 liches
  Jorgrun (D:14)
  An Ice Fiend (Pan)
  2 Hell Sentinels
  2 deep elf master archers (Elf:3)
  5 titans
  4 quicksilver dragons
  15 acid blobs
  2 deep elf blademasters (Elf:3)
  Polyphemus (Shoals:4)
  4 sphinxes
  4 tentacled starspawn
  Gastronok (Lair:3)
  4 ancient champions
  11 Executioners (Pan)
  10 shadow dragons
  Kirke (D:13)
  Donald (Shoals:3)
  14 tengu reavers
  12 storm dragons
  A shadow dragon (shapeshifter) (Depths:3)
  A revenant (Crypt:2)
  8 azure jellies (Slime:5)
  16 frost giants
  4 draconian monks
  7 deep elf sorcerers
  An orc warlord (Vaults:4)
  12 balrugs (Pan)
  4 iron dragons
  3 imperial myrmidons (Desolation)
  12 fire giants
  4 curse skulls
  4 ghost moths
  2 warmongers (Pan)
  16 vault wardens
  5 emperor scorpions (Spider:4)
  2 draconian scorchers (Zot:2)
  4 cacodemons
  3 draconian annihilators
  2 deep elf elementalists (Elf:3)
  13 ghouls
  4 draconian stormcallers
  10 ironheart preservers
  11 reapers
  19 very ugly things
  21 stone giants
  3 war gargoyles
  7 entropy weavers
  2 draconian shifters
  Nessos (D:13)
  A spriggan defender (Depths:3)
  A juggernaut skeleton (Depths:3)
  2 black suns (Pan)
  12 vampire knights
  2 deep elf demonologists (Elf:3)
  A minotaur (Gauntlet)
  6 dire elephants (Abyss:4)
  4 green draconians
  4 lorocyprocas (Pan)
  4 yellow draconians
  5 black draconians
  2 red draconians
  2 white draconians
  Azrael (D:13)
  5 deep elf annihilators
  5 spark wasps
  2 halazid warlocks (Desolation)
  6 purple draconians
  4 eidola
  19 ettins
  9 blizzard demons
  A crystal guardian (Desolation)
  Snorg (D:10)
  A merfolk javelineer (Shoals:3)
  A mummy priest (Crypt:3)
  10 death oozes (Slime:5)
  9 deep elf death magi
  16 fire dragons
  13 green deaths
  12 yaktaur captains
  5 merfolk impalers
  27 vault guards
  5 ragged hierophants (Desolation)
  7 deep elf high priests
  A jiangshi (Crypt:1)
  9 great orbs of eyes
  10 peacekeepers (Desolation)
  8 hydras
  A quicksilver dragon zombie (Crypt:3)
  Erolcha (D:9)
  8 rakshasas
  15 ice dragons
  A hell beast (Pan)
  3 spriggan air magi
  5 servants of whispers (Desolation)
  2 merfolk avatars
  A catoblepas (shapeshifter) (Vaults:5)
  5 catoblepae
  Erica (D:11)
  11 death knights
  A monstrous demonspawn (Pan)
  5 merfolk aquamancers
  11 ogre magi
  43 two-headed ogres
  11 deep troll shamans
  An alligator snapping turtle (Shoals:3)
  19 dancing weapons
  16 centaur warriors
  7 satyrs
  14 death yaks
  An alligator (shapeshifter) (Depths:3)
  5 tengu warriors
  A titan zombie (Crypt:3)
  8 death scarabs (Spider:4)
  6 deep troll earth magi
  5 vampire magi
  A shock serpent (shapeshifter) (Vaults:5)
  6 thrashing horrors
  2 iron golems (Hell)
  9 orc high priests
  4 spriggan berserkers
  22 sun demons
  22 deep elf knights
  26 hell knights
  20 soul eaters
  A fire crab (Gauntlet)
  13 sixfirhies
  3 storm dragon skeletons
  13 shadow wraiths
  42 skeletal warriors
  5 wretched stars
  4 unseen horrors
  13 sea snakes
  4 iron trolls
  An unseen horror (shapeshifter) (Vaults:3)
  3 anaconda zombies
  3 torturous demonspawn
  3 gelid demonspawn (Pan)
  24 deep trolls
  3 golden dragon zombies
  A spatial maelstrom (Abyss:4)
  A lindwurm (Lair:6)
  10 wizards
  23 phantasmal warriors
  5 shadow demons
  A deep troll (shapeshifter) (Depths:4)
  6 glowing orange brains
  4 flayed ghosts
  3 infernal demonspawn
  6 harpies
  An iron giant skeleton (Crypt:2)
  A shadow dragon zombie (Crypt:2)
  15 deep elf archers
  27 necromancers
  16 ironbrand convokers
  2 orb spiders (shapeshifter)
  7 orb spiders
  8 orc knights
  42 wolf spiders
  A shining eye (shapeshifter) (Vaults:1)
  3 wolf spider zombies
  69 deep elf magi
  5 spectral wolf spiders (Spider:4)
  2 oklob plants (Lair:6)
  2 stone giant zombies
  A shadow dragon skeleton (Crypt:3)
  53 ugly things
  4 shining eyes
  9 moths of wrath
  18 cyclopes
  25 fauns
  A worldbinder (Abyss:2)
  3 fire giant zombies
  5 toenail golems (Volcano)
  10 elephants
  6 orc sorcerers
  2 stone giant skeletons
  10 manticores
  An elephant (shapeshifter) (Elf:3)
  2 centaur zombies (D:13)
  4 guardian serpents
  3 ice statues
  A black mamba (shapeshifter) (Vaults:3)
  Psyche (D:11)
  3 black mambas
  An eye of devastation (shapeshifter) (Vaults:5)
  12 merfolk sirens
  3 torpor snails
  10 rust devils
  3 frost giant skeletons (Crypt:3)
  12 smoke demons
  11 vault sentinels
  11 spiny frogs
  2 fire giant skeletons
  5 centaur skeletons
  A molten gargoyle (Desolation)
  4 eyes of devastation
  5 water nymphs
  A dire elephant skeleton (Crypt:3)
  3 gargoyles
  7 hellions
  4 orange demons (Pan)
  An emperor scorpion zombie (Crypt:3)
  4 komodo dragons
  18 yaktaurs
  A sea snake zombie (Crypt:2)
  2 kobold demonologists
  5 rime drakes
  5 redback zombies (Spider:4)
  30 demonic crawlers
  22 hellwings
  4 spectral redbacks (Spider:4)
  25 freezing wraiths
  3 efreet
  2 ice devils (Pan)
  3 tormentors (Pan)
  A komodo dragon (shapeshifter) (Vaults:3)
  2 harpy zombies
  8 red devils
  2 ancient zymes
  3 guardian mummies (Crypt:3)
  A queen bee (shapeshifter) (Vaults:2)
  A pale draconian skeleton (Crypt:1)
  27 jumping spiders
  A hornet (shapeshifter) (Depths:1)
  2 hydra zombies
  19 merfolk
  44 saltlings (Desolation)
  2 wind drakes (shapeshifter)
  13 trolls
  7 tengu conjurers
  3 polar bears
  A meliai (D:15)
  15 hornets
  4 wind drakes
  2 blink frogs (shapeshifter)
  86 slime creatures
  13 blink frogs
  A slime creature (shapeshifter) (Vaults:5)
  A spectral jumping spider (Spider:4)
  An ettin zombie (Vaults:3)
  An alligator zombie (Hell)
  4 spectral tarantellas (Spider:4)
  4 snapping turtles
  2 hippogriffs (shapeshifter)
  6 dream sheep
  3 human simulacra
  13 raiju
  An iron dragon simulacrum (Hell)
  A shock serpent simulacrum (Crypt:2)
  15 hippogriffs
  2 tarantella zombies (Spider:4)
  5 vampires
  A centaur simulacrum (D:15)
  84 redbacks
  A wyvern (D:10)
  7 ynoxinuls
  28 tarantellas
  A spriggan (Depths:3)
  8 wraiths
  An ettin skeleton (Crypt:3)
  14 flying skulls
  2 air elementals
  6 hogs
  A tarantella (shapeshifter) (Depths:2)
  3 basilisks
  A black mamba skeleton (Crypt:3)
  8 shadows
  10 fire elementals
  3 ice dragon skeletons
  3 fire bats (Gauntlet)
  2 alligator skeletons (Hell)
  21 water elementals
  59 yaks
  Grum (D:11)
  A golden eye (shapeshifter) (Vaults:1)
  2 hungry ghosts
  A basilisk (shapeshifter) (Depths:4)
  10 chaos spawn
  7 neqoxecs
  2 humans
  5 vampire mosquitoes (D:15)
  6 golden eyes
  A hog (shapeshifter) (Vaults:4)
  An elf skeleton (Depths:3)
  13 spatial vortices
  28 large abominations
  6 acid dragons
  11 water moccasins
  A hydra simulacrum (Hell)
  3 two-headed ogre zombies (WizLab)
  3 spiny frog zombies
  15 wargs
  5 floating eyes
  A spectral hornet (Spider:4)
  3 spiny frog skeletons
  16 hell hounds
  A deep troll skeleton (Vaults:2)
  8 porcupines
  4 sky beasts
  A black bear (D:12)
  17 ice beasts
  53 orc warriors
  A gelid demonspawn skeleton (Crypt:2)
  A snapping turtle zombie (Crypt:1)
  2 human zombies
  2 hornet zombies
  A black bear (shapeshifter) (Vaults:3)
  A dream sheep zombie (Crypt:1)
  5 eyes of draining
  40 ogres
  A phantom (D:8)
  12 starcursed masses (Abyss:2)
  An eye of draining (shapeshifter) (Vaults:4)
  A manticore zombie (Crypt:3)
  7 necrophages
  2 snapping turtle skeletons
  20 wolves
  16 boggarts
  16 centaurs
  7 crocodiles
  A hippogriff zombie (Crypt:1)
  A manticore skeleton (Crypt:3)
  An elf zombie (Crypt:3)
  2 big kobolds
  25 bullfrogs
  3 small abominations
  A salamander skeleton (Crypt:2)
  3 earth elementals
  A warg zombie (Crypt:1)
  9 wyvern skeletons
  5 worker ants
  5 scorpions
  5 troll zombies (WizLab)
  3 killer bees (D:9)
  28 wights
  A warg skeleton (Crypt:2)
  2 electric eels (Spider:1)
  8 howler monkeys
  2 jellies
  3 bullfrog zombies
  7 crimson imps
  A black bear zombie (Crypt:2)
  35 orc wizards
  A hound (shapeshifter) (Vaults:3)
  10 hounds
  53 orc priests
  4 bullfrog skeletons
  4 iguanas
  Ijyb (D:3)
  A porcupine zombie (Crypt:1)
  4 ogre zombies (WizLab)
  A naga skeleton (Hell)
  2 hound zombies
  A hound skeleton (D:6)
  2 mummies (Crypt:3)
  3 worker ant zombies
  An adder (shapeshifter) (Vaults:5)
  3 gnolls (D:5)
  A howler monkey skeleton (D:9)
  17 adders
  2 shadow imps (D:7)
  2 ufetubi
  An ooze (D:1)
  An adder skeleton (D:7)
  A worm (shapeshifter) (Vaults:5)
  5 worms
  5 ball lightnings (Pan)
  13 dart slugs
  7 leopard geckos
  152 orcs
  7 giant cockroaches
  6 goblins
  5 hobgoblins
  8 jackals
  9 quokkas
  2 ball pythons (D:3)
  6 bats
  7 frilled lizards
  14 kobolds
  2 leopard gecko skeletons (D:5)
  A quokka skeleton (D:9)
  4 rats
  A rat skeleton (Crypt:2)
  2 crawling corpses (Vaults:5)
  11 plants
  4 starspawn tentacles
  9 withered plants (Crypt:3)
3174 creatures vanquished.

Vanquished Creatures (collateral kills)
  An ancient lich (WizLab)
  A juggernaut (Depths:5)
  Boris (Crypt:2)
  The ghost of crisisinutopia the Impregnable, an adept MiFi of Okawaru (Vaults:4)
  Arachne (Spider:2)
  The ghost of TPoD the Slayer, an adept HOMo of Beogh (Vaults:4)
  A lich (Pan)
  A Brimstone Fiend (Pan)
  An Ice Fiend (Pan)
  A tentacled monstrosity (Pan)
  An acid blob (Slime:5)
  4 Executioners (Pan)
  A storm dragon (Depths:4)
  A balrug (Pan)
  A curse skull (Pan)
  5 cacodemons (Pan)
  A very ugly thing (Depths:5)
  A vampire knight (Depths:5)
  A blood saint (Pan)
  A deep elf annihilator (Pan)
  A green death (Pan)
  A merfolk impaler (Shoals:4)
  A rakshasa (Pan)
  A merfolk aquamancer (Shoals:3)
  A merfolk avatar (Shoals:4)
  A death yak (Shoals:4)
  A spriggan berserker (Depths:5)
  A deep troll earth mage (Depths:5)
  2 sun demons (Pan)
  A sea snake (Shoals:3)
  A deep troll (Depths:5)
  A glowing orange brain (Pan)
  2 gelid demonspawn (Pan)
  A shadow demon (Pan)
  A golden dragon skeleton (Pan)
  A spectral wolf spider (Spider:4)
  An orb spider (Spider:2)
  A mana viper (Abyss:2)
  2 shining eyes (Pan)
  2 slime creatures (Slime:5)
  A manticore (Shoals:4)
  A merfolk siren (Shoals:3)
  A smoke demon (Pan)
  3 eyes of devastation (Pan)
  2 demonic crawlers
  A redback zombie (Spider:4)
  An efreet (Pan)
  2 merfolk (Shoals:3)
  2 hellwings (Pan)
  A red devil (Pan)
  A hornet (Spider:2)
  4 redbacks
  3 tarantellas
  12 neqoxecs
  A large abomination (Pan)
  2 small abominations (Abyss:2)
  A chaos spawn (Pan)
  A floating eye (Pan)
  A spectral hornet (Spider:4)
  2 eyes of draining (Pan)
  A snapping turtle skeleton (Pan)
  A howler monkey (D:4)
  An orc (D:4)
  A kobold (D:1)
  A frilled lizard (D:4)
  A withered plant (Vaults:4)
100 creatures vanquished.

Vanquished Creatures (others)
  An eldritch tentacle (Pan)
  A draconian monk (Zot:2)
  A draconian scorcher (Zot:2)
  A draconian shifter (Zot:2)
  2 draconian annihilators (Zot:2)
  2 green draconians (Zot:2)
  2 purple draconians (Zot:2)
  4 red draconians (Zot:2)
  A yaktaur captain (Depths:5)
  A vault guard (Vaults:5)
  A rakshasa (Pan)
  A centaur warrior (Depths:4)
  A satyr (Shoals:4)
  A glowing orange brain (Pan)
  2 yaktaurs (Vaults:5)
  A meliai (shapeshifter) (Vaults:5)
  A hog (shapeshifter) (Vaults:5)
  A human (D:13)
  A golden eye (Abyss:2)
  An orc warrior (Depths:2)
  A centaur (Vaults:3)
  A hound (D:13)
  2 ball lightnings (Pan)
  An orc (Vaults:4)
  9 fungi
  39 plants
  7 starspawn tentacles
  6 withered plants
93 creatures vanquished.

Grand Total: 3367 creatures vanquished

Notes
Turn   | Place    | Note
-------+----------+-------------------------------------------
     0 | D:1      | magipi the Minotaur Summoner began the quest for the Orb.
     0 | D:1      | Reached XP level 1. HP: 14/14 MP: 1/1
   429 | D:1      | Reached XP level 2. HP: 7/22 MP: 0/3
  1001 | D:1      | Reached skill level 1 in Fighting
  1080 | D:1      | Reached skill level 1 in Armour
  1367 | D:2      | Reached skill level 1 in Throwing
  1383 | D:2      | Reached XP level 3. HP: 25/28 MP: 4/4
  2435 | D:3      | Found a faded altar of an unknown god.
  2454 | D:2      | Reached XP level 4. HP: 29/36 MP: 5/5
  2551 | D:3      | Found a runed translucent door.
  2561 | D:3      | Found a glowing golden altar of the Shining One.
  2561 | D:3      | Noticed an angel
  3213 | D:3      | Reached XP level 5. HP: 30/42 MP: 6/6
  3496 | D:3      | Noticed Ijyb
  4179 | D:3      | Reached XP level 6. HP: 43/51 MP: 7/7
  4611 | D:4      | Reached XP level 7. HP: 52/57 MP: 8/8
  5278 | D:4      | Got an encrusted chain mail
  5352 | D:5      | Entered Level 5 of the Dungeon
  5369 | D:5      | Identified the +7 chain mail "Caijem" {rC+ Dex-3 Slay+6
                  | SInv} (You found it on level 4 of the Dungeon)
  5564 | D:5      | Found a runed translucent gate.
  5567 | D:5      | Found a runed translucent gate.
  5568 | D:5      | Found a runed translucent gate.
  5570 | D:5      | Noticed trianova's ghost (novice NaIE)
  5643 | D:5      | Found an opulent altar of Gozag.
  5670 | D:5      | Reached skill level 5 in Dodging
  5722 | D:5      | Reached XP level 8. HP: 67/67 MP: 9/9
  5724 | D:5      | Reached skill level 5 in Fighting
  5730 | D:5      | Reached skill level 5 in Armour
  5792 | D:5      | Found a blossoming altar of Fedhas.
  5806 | D:5      | Noticed an oklob plant
  7100 | D:6      | Found a staircase to the Ecumenical Temple.
  7148 | Temple   | Entered the Ecumenical Temple
  7174 | Temple   | Became a worshipper of the Shining One
  7343 | D:6      | Found a white marble altar of Elyvilon.
  7373 | D:6      | Identified the +7 spear of Popular Demand {protect, +Rage}
                  | (You found it on level 6 of the Dungeon)
  7822 | D:7      | Reached skill level 5 in Throwing
  7899 | D:7      | Noticed a hippogriff
  7910 | D:7      | Killed a hippogriff
  7948 | D:7      | Reached XP level 9. HP: 58/78 MP: 10/10
  8463 | D:8      | Noticed a two-headed ogre
  8470 | D:8      | Reached * piety under the Shining One
  8476 | D:8      | Reached skill level 1 in Axes
  8489 | D:8      | Found a staircase to the Lair.
  8881 | D:8      | Found a flagged portal.
  8892 | Bailey   | Entered a bailey
  8913 | Bailey   | Noticed an orc knight
  8953 | D:8      | Found an ancient bone altar of Kikubaaqudgha.
  8953 | D:8      | Found a shimmering altar of Xom.
  9001 | D:8      | Found a burning altar of Makhleb.
  9001 | D:8      | Found a hazy altar of Hepliaklqana.
  9013 | D:8      | Found a sacrificial altar of Ru.
  9311 | D:8      | Noticed a troll
  9318 | D:8      | Killed a troll
  9318 | D:8      | Reached skill level 5 in Axes
  9748 | D:8      | Reached XP level 10. HP: 82/88 MP: 11/11
  9923 | D:9      | Noticed Erolcha
 10324 | D:9      | Noticed a cyclops
 10336 | D:9      | Killed a cyclops
 10336 | D:9      | Reached skill level 1 in Evocations
 10578 | D:9      | Killed Erolcha
 10667 | D:9      | Found Aseok's Jewellery Shop.
 10675 | D:9      | Bought an uncursed ring of protection from magic for 325
                  | gold pieces
 10915 | D:10     | Entered Level 10 of the Dungeon
 10965 | D:10     | Noticed a two-headed ogre
 10976 | D:10     | Killed a two-headed ogre
 11073 | D:10     | Reached ** piety under the Shining One
 11073 | D:10     | Reached XP level 11. HP: 95/95 MP: 12/12
 11134 | D:10     | Noticed Snorg
 11185 | D:10     | Killed Snorg
 11391 | D:10     | Found an ancient bone altar of Kikubaaqudgha.
 11587 | D:10     | Found a staircase to the Orcish Mines.
 11635 | D:10     | Noticed a two-headed ogre
 11644 | D:10     | Killed a two-headed ogre
 11800 | D:11     | Found a roughly hewn altar of Beogh.
 11864 | D:11     | Noticed Psyche
 11865 | D:11     | Noticed Grum
 11876 | D:11     | Killed Psyche
 11883 | D:11     | Killed Grum
 12625 | D:11     | Reached *** piety under the Shining One
 12675 | D:11     | Noticed Erica
 12719 | D:12     | Noticed a two-headed ogre
 12740 | D:12     | Killed a two-headed ogre
 12864 | D:12     | Reached skill level 10 in Axes
 12995 | D:12     | Reached skill level 10 in Armour
 13054 | D:12     | Reached XP level 12. HP: 100/106 MP: 14/14
 13156 | D:12     | Found a portal to a secret trove of treasure.
 13278 | D:12     | Reached skill level 10 in Fighting
 13547 | D:11     | Killed Erica
 13813 | Orc:1    | Entered Level 1 of the Orcish Mines
 13813 | Orc:1    | Noticed a stone giant
 13839 | Orc:1    | Found a dark tunnel.
 13889 | Orc:1    | Killed a stone giant
 13889 | Orc:1    | Reached skill level 10 in Dodging
 13905 | Volcano  | Entered a volcano
 14027 | Volcano  | Reached **** piety under the Shining One
 14043 | Volcano  | Reached skill level 5 in Evocations
 14599 | Orc:2    | Entered Level 2 of the Orcish Mines
 14641 | Orc:2    | Noticed an ettin
 14643 | Orc:2    | Noticed an ettin
 14657 | Orc:2    | Killed an ettin
 14663 | Orc:2    | Killed an ettin
 14663 | Orc:2    | Reached XP level 13. HP: 113/113 MP: 16/16
 15108 | Orc:2    | Reached ***** piety under the Shining One
 15452 | Orc:2    | Found Worasku's Antique Armour Emporium.
 15452 | Orc:2    | Found Moypu's Book Boutique.
 15511 | Orc:2    | Found a roughly hewn altar of Beogh.
 15699 | Orc:2    | Found Mieloar's General Store.
 15699 | Orc:2    | Found Qixzatethux's Book Emporium.
 15705 | Orc:2    | Bought a scroll of blinking for 120 gold pieces
 15753 | Orc:2    | Reached ****** piety under the Shining One
 16185 | Orc:1    | Cast into level 2 of the Abyss (orc high priest)
 16366 | Abyss:2  | HP: 2/113 [wretched star/orb of energy (24)]
 16433 | Abyss:2  | Noticed a tentacled starspawn
 16448 | Abyss:2  | Killed a tentacled starspawn
 16448 | Abyss:2  | Reached skill level 10 in Throwing
 16527 | Abyss:2  | Found a corrupted altar of Lugonu.
 16663 | Abyss:2  | Noticed a red very ugly thing
 16825 | Abyss:2  | Noticed a starcursed mass
 16924 | Abyss:2  | Noticed a starcursed mass
 16944 | Abyss:2  | The Shining One protects you from harm!
 17132 | Orc:1    | Escaped the Abyss
 17244 | Orc:2    | Found a staircase to the Elven Halls.
 17947 | Lair:1   | Entered Level 1 of the Lair of Beasts
 18112 | Lair:1   | Identified Diokapp's Almanac of Spatial Contamination
 18128 | Lair:1   | Found a gate leading to a gauntlet.
 18133 | Gauntlet | Entered a Gauntlet
 18133 | Gauntlet | Found a transporter.
 18142 | Gauntlet | Found a transporter.
 18155 | Gauntlet | Found a transporter.
 18159 | Gauntlet | Found a transporter.
 18173 | Gauntlet | Found a transporter.
 18191 | Gauntlet | Found a transporter.
 18204 | Gauntlet | Found a transporter.
 18221 | Gauntlet | Found a transporter.
 18225 | Gauntlet | Found a transporter.
 18233 | Gauntlet | Found a transporter.
 18261 | Gauntlet | Found a transporter.
 18261 | Gauntlet | Found a transporter.
 18262 | Gauntlet | Identified the ring of Udelyc {+Fly rElec Int+3 Slay-6
                  | Stlth+}
 18333 | Gauntlet | Reached XP level 14. HP: 40/121 MP: 18/18
 18336 | Gauntlet | Got a sparkling wooden ring
 18626 | Gauntlet | Identified the ring "Cajaxt" {MR+ Int+4 Stlth+} (You found
                  | it in a Gauntlet)
 18636 | Gauntlet | Reached skill level 1 in Invocations
 18671 | Gauntlet | Got a vibrating marble ring
 18675 | Gauntlet | Identified the ring of Biogat {Fire +Fly Dex+4 Stlth+} (You
                  | found it in a Gauntlet)
 19761 | Lair:2   | Found a frozen archway.
 19772 | IceCv    | Entered an ice cave
 20721 | Lair:3   | Noticed Gastronok
 20742 | Lair:3   | Killed Gastronok
 21196 | Lair:3   | Reached skill level 5 in Invocations
 21344 | Lair:3   | Found a hole to the Spider Nest.
 21678 | Lair:4   | You fall into a shaft and drop 2 floors!
 21678 | Lair:6   | Entered Level 6 of the Lair of Beasts
 21678 | Lair:6   | Found a staircase to the Slime Pits.
 21843 | Lair:6   | Reached XP level 15. HP: 117/126 MP: 20/20
 22464 | Lair:4   | Found a staircase to the Shoals.
 23862 | Lair:6   | Identified the +11 broad axe of Zin's Esteem {chop, rN+}
                  | (You found it on level 6 of the Lair of Beasts)
 24443 | D:9      | Bought the amulet "Faithrabi" {Faith +Fly rF+ rC+} for 820
                  | gold pieces
 24541 | D:13     | Noticed Kirke
 24555 | D:13     | Noticed a sphinx
 24557 | D:13     | Killed Kirke
 24652 | D:13     | Noticed Nessos
 24664 | D:13     | Killed Nessos
 24838 | D:12     | Reached skill level 10 in Evocations
 25112 | D:13     | Noticed Azrael
 25121 | D:13     | Killed Azrael
 25315 | D:13     | Found a runed translucent door.
 25318 | D:13     | Reached XP level 16. HP: 139/139 MP: 22/22
 25618 | D:13     | Noticed a tengu reaver
 25626 | D:13     | Killed a tengu reaver
 25956 | D:14     | Identified Roxanne's Almanac of Changing
 25956 | D:14     | Noticed Roxanne
 26065 | D:14     | Noticed Rupert
 26091 | D:14     | Killed Rupert
 26264 | D:14     | Found a gate to the Vaults.
 26537 | D:14     | Noticed Jorgrun
 26544 | D:14     | Killed Jorgrun
 26565 | D:15     | Entered Level 15 of the Dungeon
 27185 | D:15     | Found Zoinulun's Antique Armour Shoppe.
 27242 | D:15     | Found a staircase to the Depths.
 28312 | D:3      | Found a faded altar of an unknown god.
 28338 | D:3      | Found a runed translucent door.
 28339 | D:3      | Found a glowing golden altar of the Shining One.
 28443 | D:3      | Killed Ijyb
 29464 | Elf:1    | Entered Level 1 of the Elven Halls
 29477 | Orc:2    | Reached skill level 1 in Shields
 29551 | Elf:1    | Reached skill level 10 in Invocations
 29846 | Elf:1    | Identified Hoshrisu's Incunabulum of Attacks
 30480 | Elf:1    | Reached XP level 17. HP: 130/146 MP: 24/24
 31195 | Elf:1    | Found an ancient bone altar of Kikubaaqudgha.
 31447 | Elf:1    | Found Abbulori's General Store.
 31514 | Elf:1    | Bought a scroll of identify for 28 gold pieces
 31514 | Elf:1    | Bought a scroll of identify for 28 gold pieces
 32616 | Elf:2    | Found a runed translucent gate.
 32618 | Elf:2    | Found a runed translucent gate.
 32622 | Elf:2    | Found a runed translucent gate.
 32671 | Elf:3    | Entered Level 3 of the Elven Halls
 32983 | Elf:3    | Reached skill level 15 in Throwing
 32987 | Elf:3    | Paralysed by a floating eye for 4 turns
 33053 | Elf:3    | Got a slimy ivory ring
 33054 | Elf:3    | Identified the ring "Miroero" {Str+5 Int+4} (You found it
                  | on level 3 of the Elven Halls)
 34498 | Elf:3    | Identified the amulet of Iqeofusu {+Inv Regen+}
 34504 | Elf:3    | Noticed a deep elf blademaster
 34520 | Elf:3    | Killed a deep elf blademaster
 34520 | Elf:3    | Reached XP level 18. HP: 113/154 MP: 26/26
 34634 | Elf:3    | Identified the +7 battleaxe of Guclo Loi {pain, +Rage Str+3
                  | Int+2 Dex+3}
 34929 | Elf:3    | Found the +7 great mace "Undeadhunter" {disrupt, rN+}
 35069 | Elf:3    | Learned a level 1 spell: Apportation
 35299 | Depths:1 | Entered Level 1 of the Depths
 35615 | D:12     | You paid a toll of +2 fire dragon scales to enter a
                  | treasure trove
 35616 | Trove    | Entered a treasure trove
 36454 | Depths:1 | Found a gateway to Hell.
 37729 | Depths:1 | Found the +12 Vampire's Tooth {vamp}
 38048 | Hell     | Entered the Vestibule of Hell
 38048 | Hell     | Noticed Geryon
 38048 | Hell     | Noticed a tentacled monstrosity
 38094 | Hell     | Killed a tentacled monstrosity
 38113 | Hell     | Killed Geryon
 38116 | Hell     | Reached XP level 19. HP: 113/167 MP: 29/29
 38127 | Hell     | Reached skill level 15 in Invocations
 38300 | Hell     | Noticed a lich
 38316 | Hell     | Killed a lich
 38349 | Hell     | Gained mutation: Your spells are a little easier to cast,
                  | but a little less powerful. [a cacodemon]
 38358 | Hell     | Reached skill level 15 in Fighting
 38430 | Hell     | Found a gateway to the freezing wastes of Cocytus.
 38778 | Hell     | Found a gateway to the decaying netherworld of Tartarus.
 39021 | Hell     | Found a gateway to the Iron City of Dis.
 39104 | Hell     | Found a gateway to the ashen valley of Gehenna.
 39495 | Spider:1 | Entered Level 1 of the Spider Nest
 39647 | Shoals:1 | Entered Level 1 of the Shoals
 41710 | Shoals:3 | Found Neamis's Antique Weapon Emporium.
 42062 | Shoals:3 | Reached XP level 20. HP: 166/178 MP: 32/32
 42469 | Shoals:3 | Identified a scroll of acquirement
 42542 | Shoals:3 | Reached skill level 1 in Translocations
 42633 | Shoals:3 | Identified the +0 helmet of Makhleb's Benevolence {+Inv
                  | Str+3 Int+4} (You found it on level 3 of the Shoals)
 42665 | Shoals:4 | Entered Level 4 of the Shoals
 42864 | Shoals:4 | Noticed Donald
 42879 | Shoals:3 | Killed Donald
 43271 | Shoals:3 | Reached skill level 5 in Shields
 44214 | Shoals:4 | Noticed Polyphemus
 46782 | Shoals:4 | Killed Polyphemus
 46847 | Shoals:4 | Got a barnacled rune of Zot
 46930 | Shoals:4 | Found the +8 longbow "Zephyr" {speed, Dex+3 SInv}
 47249 | Shoals:4 | Reached skill level 10 in Shields
 48077 | Spider:2 | Noticed Arachne
 48090 | Spider:2 | Killed Arachne
 48631 | Spider:3 | Got a sparkling brass amulet
 48632 | Spider:3 | Identified the amulet of Syoditt {RegenMP rElec MR- Stlth+}
                  | (You found it on level 3 of the Spider Nest)
 48921 | Spider:3 | Paralysed by a hornet for 2 turns
 50063 | Spider:4 | Entered Level 4 of the Spider Nest
 50561 | Spider:4 | Reached XP level 21. HP: 184/184 MP: 33/33
 50940 | Spider:4 | Reached skill level 15 in Shields
 50980 | Spider:4 | Paralysed by a hornet for 1 turns
 52031 | Spider:4 | Got a gossamer rune of Zot
 52367 | Vaults:1 | Entered Level 1 of the Vaults
 53281 | Vaults:1 | Identified the +0 helmet "Vyzuvv Miady" {rPois rN+} (You
                  | found it on level 1 of the Vaults)
 54210 | Vaults:1 | Gained mutation: Potions are less effective at restoring
                  | your health. [a shining eye]
 54237 | Vaults:1 | Lost mutation: Your spells are a little easier to cast, but
                  | a little less powerful. [potion of mutation]
 54237 | Vaults:1 | Lost mutation: Potions are less effective at restoring your
                  | health. [potion of mutation]
 54237 | Vaults:1 | Gained mutation: You are weak. (Str -2) [potion of
                  | mutation]
 54237 | Vaults:1 | Gained mutation: You have a pair of large horns on your
                  | head. [potion of mutation]
 54237 | Vaults:1 | Gained mutation: You possess an exceptional clarity of
                  | mind. [potion of mutation]
 55231 | Vaults:2 | Reached XP level 22. HP: 177/195 MP: 34/34
 55722 | Vaults:2 | Reached skill level 5 in Translocations
 55818 | Vaults:2 | Found a staircase to the Crypt.
 56889 | Vaults:3 | Found Xaumar's Book Boutique.
 58269 | Vaults:4 | Found a ruined gateway.
 58310 | Desolati | Entered the Desolation of Salt
 58404 | Desolati | Got a brightly glowing graven amulet
 58405 | Desolati | Identified the amulet "Upigis" {Spirit rPois Stlth+} (You
                  | found it in the Desolation of Salt)
 58563 | Desolati | Identified the Guide on Displaced Attacks
 58565 | Desolati | Identified the Compendium of Feathery Unholy Magic
 58578 | Desolati | Identified the +6 scale mail "Buicex" {+Blink rPois Dex-5
                  | Stlth+} (You found it in the Desolation of Salt)
 58965 | Desolati | Found the +10 large shield of Ignorance {rN+ Int-4}
 58972 | Desolati | Identified Duod's Compendium of Destructive Contamination
 59566 | Desolati | Reached XP level 23. HP: 207/209 MP: 35/35
 60536 | Vaults:4 | Found a runed translucent gate.
 60537 | Vaults:4 | Found a runed translucent gate.
 60537 | Vaults:4 | Found a runed translucent gate.
 60538 | Vaults:4 | Noticed TPoD's ghost (adept HOMo)
 60538 | Vaults:4 | Noticed crisisinutopia's ghost (adept MiFi)
 60856 | Vaults:4 | Found Uphemer's Jewellery Emporium.
 60863 | Vaults:4 | Bought the ring of Zemi {rCorr Int+2} for 561 gold pieces
 61270 | Depths:2 | Reached skill level 15 in Evocations
 61623 | Depths:2 | Got a smoking pewter ring
 61624 | Depths:2 | Identified the ring "Duegaeny" {rPois rF+ Str+2} (You found
                  | it on level 2 of the Depths)
 61637 | Depths:2 | Found a sparkling altar of Nemelex Xobeh.
 61876 | Depths:2 | Noticed Saint Roka
 61902 | Depths:2 | Killed Saint Roka
 62069 | Depths:2 | Noticed Margery
 62078 | Depths:2 | Killed Margery
 62084 | Depths:2 | Reached skill level 5 in Spellcasting
 62495 | Depths:2 | Found a burning altar of Makhleb.
 62902 | Depths:2 | Identified the ring "Evoisk" {+Fly rPois Int-3 Dex+5 SInv}
 62983 | Depths:2 | Found a stormy altar of Qazlal.
 63103 | Depths:2 | Gained mutation: You are dopey. (Int -2) [a neqoxec]
 63124 | Depths:2 | Got a brightly glowing golden ring
 63125 | Depths:2 | Identified the ring "Oreext" {*Tele Stlth+} (You found it
                  | on level 2 of the Depths)
 63343 | Depths:3 | Found the +15 Maxwell's patent armour {-Cast -Tele rElec
                  | MR+ rCorr}
 63349 | Depths:3 | Identified the +0 pair of boots "Fieryats" {MR+ Regen+}
                  | (You acquired it on level 3 of the Depths)
 63781 | Depths:3 | Reached XP level 24. HP: 216/216 MP: 36/36
 63968 | Depths:3 | Found a shadowy altar of Dithmenos.
 63976 | Depths:3 | Identified the +0 pair of boots of Elyvilon {Stlth+, *Drain
                  | rN+ Regen+ Dex+4} (You found it on level 3 of the Depths)
 64234 | Depths:3 | Found a one-way gate leading to the halls of Pandemonium.
 64561 | Depths:4 | Found a one-way gate to the infinite horrors of the Abyss.
 64608 | Depths:4 | Found a magical portal.
 64871 | WizLab   | Noticed an antique lich
 64877 | WizLab   | Killed an antique lich
 64902 | WizLab   | Found the +9 sword of Zonguldrok {reap}
 65305 | Depths:4 | Reached skill level 15 in Armour
 65843 | Depths:4 | Noticed Mara
 65844 | Depths:4 | Noticed magipi's illusion
 66183 | Depths:4 | Noticed magipi's illusion
 66238 | Depths:3 | Noticed magipi's illusion
 66248 | Depths:4 | Noticed magipi's illusion
 66249 | Depths:4 | Killed Mara
 66445 | Depths:5 | Entered Level 5 of the Depths
 66496 | Depths:5 | Noticed a juggernaut
 66517 | Depths:5 | Killed a juggernaut
 66562 | Depths:5 | Found Dumasuish's Antique Armour Boutique.
 66585 | Depths:5 | Found Vomigg's Antique Weapon Boutique.
 66618 | Depths:5 | Found a gateway to a ziggurat.
 66775 | Depths:5 | Reached XP level 25. HP: 176/228 MP: 36/36
 66853 | Depths:5 | Found a gate to the Realm of Zot.
 66915 | Depths:5 | Noticed a juggernaut
 66925 | Depths:5 | Killed a juggernaut
 67926 | Depths:5 | Reached skill level 15 in Dodging
 68232 | Vaults:5 | Entered Level 5 of the Vaults
 68260 | Vaults:5 | Reached skill level 10 in Translocations
 68546 | Vaults:5 | Reached skill level 10 in Spellcasting
 68624 | Vaults:5 | Identified the +1 long sword of the Orcish Mines {flame,
                  | Dex+4}
 68932 | Vaults:5 | Identified the cursed +0 cloak of Death's Door {MP+9
                  | Stlth+} (You found it on level 5 of the Vaults)
 69542 | Vaults:5 | Identified the cursed +2 short sword of Fortitude {holy,
                  | rElec MR+}
 69548 | Vaults:5 | Reached XP level 26. HP: 180/240 MP: 36/36
 69984 | Vaults:5 | Found Fuffits's Assorted Antiques.
 69999 | Vaults:5 | Bought a potion of resistance for 270 gold pieces
 69999 | Vaults:5 | Bought a potion of curing for 81 gold pieces
 70304 | Vaults:5 | Got a silver rune of Zot
 70716 | Vaults:5 | Found Fuffits's Assorted Antiques.
 71477 | Slime:1  | Entered Level 1 of the Pits of Slime
 71963 | Slime:5  | Entered Level 5 of the Pits of Slime
 72017 | Slime:5  | Noticed the Royal Jelly
 72025 | Slime:5  | Killed the Royal Jelly
 72131 | Slime:5  | Gained mutation: Your body sometimes deteriorates upon
                  | taking damage. [a shining eye]
 72378 | Slime:5  | Identified the cursed +0 scale mail "Futzyr Tathre" {rF++
                  | MR+} (You found it on level 5 of the Pits of Slime)
 72446 | Slime:5  | Got a slimy rune of Zot
 72520 | Slime:5  | Learned a level 3 spell: Portal Projectile
 72527 | Slime:5  | Learned a level 4 spell: Passage of Golubria
 72860 | Crypt:1  | Entered Level 1 of the Crypt
 72885 | Crypt:1  | Noticed Bai Suzhen
 72907 | Crypt:1  | Killed Bai Suzhen
 72977 | Crypt:1  | Reached skill level 1 in Hexes
 73666 | Crypt:2  | Noticed Boris
 73674 | Crypt:2  | Killed Boris
 73727 | Crypt:2  | Noticed Xtahua
 73737 | Crypt:2  | Killed Xtahua
 74392 | Crypt:3  | Entered Level 3 of the Crypt
 74450 | Crypt:3  | Reached XP level 27. HP: 246/254 MP: 36/36
 74575 | Crypt:3  | Noticed Khufu
 74575 | Crypt:3  | Noticed an ancient lich
 74576 | Crypt:3  | Found the +2 pair of boots of the Assassin {Detection Stab+
                  | Stlth++}
 74576 | Crypt:3  | Noticed a greater mummy
 74586 | Crypt:3  | Killed an ancient lich
 74592 | Crypt:3  | Killed a greater mummy
 74597 | Crypt:3  | Killed Khufu
 74659 | Crypt:3  | Identified the Compendium of Necromancy
 75260 | Crypt:3  | Identified the ring "Qupliq" {Ice Str+4 Int+4 SInv}
 75406 | Crypt:3  | Found an ancient bone altar of Kikubaaqudgha.
 75477 | Crypt:3  | Noticed Sojobo
 75694 | Crypt:3  | Found a staircase to the Tomb.
 76042 | Crypt:3  | Found an ancient bone altar of Kikubaaqudgha.
 76103 | Crypt:3  | Killed Sojobo
 76613 | Crypt:3  | Reached skill level 5 in Hexes
 77511 | Vaults:3 | Identified a +3 trishula of holy wrath (a +1 demon trident
                  | of freezing blessed by the Shining One)
 77511 | Vaults:3 | Received a gift from the Shining One
 77659 | Vaults:4 | Killed crisisinutopia's ghost
 77667 | Vaults:4 | Killed TPoD's ghost
 78530 | Vaults:5 | Bought a scroll of summoning for 256 gold pieces
 78530 | Vaults:5 | Bought a scroll of enchant armour for 202 gold pieces
 78530 | Vaults:5 | Bought a scroll of teleportation for 81 gold pieces
 78530 | Vaults:5 | Bought a scroll of fear for 94 gold pieces
 78530 | Vaults:5 | Bought a box of beasts for 540 gold pieces
 78530 | Vaults:5 | Bought a wand of digging (4) for 216 gold pieces
 78588 | Vaults:3 | Bought a book of Minor Magic for 340 gold pieces
 78591 | Vaults:3 | Learned a level 2 spell: Blink
 79348 | Pan      | Entered Pandemonium
 79398 | Pan      | Noticed Puewet the pandemonium lord
 79409 | Pan      | Reached skill level 1 in Polearms
 79422 | Pan      | Killed Puewet the pandemonium lord
 79519 | Pan      | Found an exit through the horrors of the Abyss.
 79609 | Pan      | Reached skill level 5 in Polearms
 79629 | Pan      | Noticed Siadyegexa the pandemonium lord
 79663 | Pan      | Killed Siadyegexa the pandemonium lord
 79748 | Pan      | Entered the realm of Gloorx Vloq.
 80122 | Pan      | Reached skill level 10 in Polearms
 80143 | Pan      | Noticed Gloorx Vloq
 80158 | Pan      | Killed Gloorx Vloq
 80220 | Pan      | Got a dark rune of Zot
 80310 | Pan      | Found an exit through the horrors of the Abyss.
 80468 | Pan      | Found a transporter.
 80514 | Pan      | Found a transporter.
 80755 | Pan      | Got a vibrating ivory ring
 80756 | Pan      | Identified the ring "Weuxin" {MR+ Str+3} (You found it in
                  | Pandemonium)
 81067 | Pan      | Noticed Cagealim the pandemonium lord
 81270 | Pan      | Killed Cagealim the pandemonium lord
 81425 | Pan      | Found a runed translucent door.
 81444 | Pan      | Got a demonic rune of Zot
 81744 | Pan      | Noticed Imoolem the pandemonium lord
 82166 | Pan      | Entered the realm of Cerebov.
 82401 | Pan      | Identified the +6 sword of Cerebov {flame}
 82401 | Pan      | Noticed Cerebov
 82401 | Pan      | Identified the +6 morningstar of Defiance {drain, *Slow
                  | rElec rC+ SInv}
 82427 | Pan      | Killed Cerebov
 82462 | Pan      | Identified the Compendium of Weightlessness
 82471 | Pan      | Identified the +9 glaive of Yeast {flame, rElec rN+ MR+
                  | Dex+3}
 82485 | Pan      | Got a fiery rune of Zot
 82614 | Pan      | Entered the realm of Lom Lobon.
 82759 | Pan      | Noticed Lom Lobon
 82780 | Pan      | Killed Lom Lobon
 82783 | Pan      | Got a magical rune of Zot
 82894 | Pan      | Found an exit through the horrors of the Abyss.
 83113 | Pan      | Entered the realm of Mnoleg.
 83179 | Pan      | Gained mutation: Scrolls take you a little longer to read.
                  | [a shining eye]
 83266 | Pan      | Noticed Mnoleg
 83272 | Pan      | Paralysed by a floating eye for 3 turns
 83280 | Pan      | Paralysed by a floating eye for 2 turns
 83287 | Pan      | Gained mutation: Your body often deteriorates upon taking
                  | damage. [a cacodemon]
 83289 | Pan      | Gained mutation: Scrolls take you longer to read. [a
                  | cacodemon]
 83295 | Pan      | Killed Mnoleg
 83398 | Pan      | Got a glowing rune of Zot
 83473 | Pan      | Lost mutation: You are weak. (Str -2) [a neqoxec]
 83507 | Pan      | Found an exit through the horrors of the Abyss.
 83517 | Pan      | Took an exit into the Abyss.
 83517 | Abyss:1  | Escaped into the Abyss
 83523 | Abyss:1  | Lost mutation: Your body often deteriorates upon taking
                  | damage. [potion of mutation]
 83523 | Abyss:1  | Lost mutation: Scrolls take you longer to read. [potion of
                  | mutation]
 83523 | Abyss:1  | Lost mutation: Scrolls take you a little longer to read.
                  | [potion of mutation]
 83523 | Abyss:1  | Lost mutation: You are dopey. (Int -2) [potion of mutation]
 83523 | Abyss:1  | Gained mutation: Your spells are a little harder to cast,
                  | but a little more powerful. [potion of mutation]
 83523 | Abyss:1  | Gained mutation: You have large cloven feet. [potion of
                  | mutation]
 83523 | Abyss:1  | Gained mutation: Your system is resistant to poisons.
                  | (rPois) [potion of mutation]
 83691 | Abyss:2  | Identified the +0 large shield of Fashionability {-Cast
                  | rElec rPois}
 83947 | Abyss:2  | Gained mutation: You are clumsy. (Dex -2) [a neqoxec]
 84447 | Abyss:4  | Found a corrupted altar of Lugonu.
 84464 | Abyss:4  | Got an abyssal rune of Zot
 84496 | Abyss:4  | Found a corrupted altar of Lugonu.
 84521 | Depths:3 | Escaped the Abyss
 84596 | Zot:1    | Entered Level 1 of the Realm of Zot
 84596 | Zot:1    | Found a transporter.
 84647 | Zot:1    | Found a transporter.
 85567 | Zot:2    | Noticed an orb of fire
 85591 | Zot:2    | Reached skill level 15 in Axes
 86049 | Zot:2    | HP: 13/261 [Killer Klown/+11 club of electrocution (11)]
 86050 | Zot:2    | The Shining One protects you from harm!
 86051 | Zot:2    | HP: 6/261 [dire elephant (36)]
 86052 | Zot:2    | Slain by a Killer Klown

Levels and vault maps discovered:
D:1:      lightli_arrival_noodles, layout_basic
D:2:      layout_loops_ring
D:3:      kennysheep_slugbush, layout_basic, serial_rivers,
          chequers_serial_rivers_small_3, chequers_serial_rivers_small_3,
          chequers_serial_rivers_micro_d, chequers_serial_rivers_room_a,
          chequers_serial_rivers_room_a, chequers_ecumenical_altar_simple_redux,
          dk_noncrumbling_4, lemuel_angel_altar, uniq_ijyb
D:4:      minmay_thick_lines, layout_basic, first_ration
D:5:      layout_loops_ring, tgw_fedhas, gammafunk_ghost_necromancy,
          nicolae_gozag_cash_rules_everything_around_me
D:6:      layout_loops_ring, temple_pool_b, chequers_big_river, elyvilon_altar_3
D:7:      layout_loops_cross, kennysheep_windowed_goal
D:8:      layout_basic, grunt_temple_overflow_open,
          chequers_temple_overflow_statue_of_worship, dpeg_oklobed_lair,
          enter_bailey_6, grunt_livestock
D:9:      layout_loops_ring, serial_shops, kennysheep_mini_moat, uniq_erolcha
D:10:     layout_gridville, orc_0_dummy, basic_altar, uniq_snorg
D:11:     layout_roguey [special_room_orc], uniq_psyche, uniq_grum, uniq_erica
D:12:     hangedman_arrow_trap, layout_loops_ring, trove_entry_hex_spiral
D:13:     layout_irregular_city, minivault_13, uniq_kirke, uniq_azrael,
          uniq_nessos
D:14:     layout_rooms, skrybe_vaults_entry_preservation, amethyst_killhole,
          uniq_rupert, uniq_roxanne, uniq_jorgrun
D:15:     hangedman_depths_entry_civil_slaughter, layout_long_grid,
          serial_shops, nicolae_shop_trees, minmay_pinched_square
Temple:   eino_temple_rhombus
Lair:1:   layout_misc_corridors, gauntlet_entry_generic
Lair:2:   layout_long_grid, portal_ice_cave_rime
Lair:3:   layout_chaotic_city, spider_nest_entry_funnel_web,
          minmay_shattered_shrine, uniq_gastronok
Lair:4:   layout_hall_layers, minmay_shoals_entry_lonely_mermaid,
          patterned_corridor, grunt_megastairs_3
Lair:5:   layout_small_grid
Lair:6:   evilmike_catoblepas_cave, layout_hall_layers,
          minmay_slime_entry_oklob_open, chequers_serial_rivers_micro_d,
          infiniplex_staircase_pool_2
Shoals:1: layout_shoals, st_shoals_ruin
Shoals:2: layout_shoals
Shoals:3: cheibrodos_shoals_baths, layout_shoals, serial_shops, shop
Shoals:4: shoals_end_grunt_garden, layout_shoals, uniq_donald, uniq_polyphemus
Spider:1: layout_spider_delve
Spider:2: layout_spider_delve, uniq_arachne
Spider:3: layout_spider_delve
Spider:4: floodkiller_spider_rune_tomb, spiders_nest_hornet_nest
Slime:1:  layout_caves
Slime:2:  layout_caves
Slime:3:  layout_caves
Slime:4:  layout_caves
Slime:5
Orc:1:    layout_caves, enter_volcano_3
Orc:2:    st_orc_town, layout_caves
Elf:1:    minmay_elf_arrival_plus, layout_geoelf_octagon, serial_shops,
          nicolae_shop_waterfront, basic_altar, minmay_elf_annihilation,
          statue_in_the_mist_lemuel
Elf:2:    layout_geoelf_grid, uniq_aizul
Elf:3:    elf_hall_gauntlet_narrow, layout_loops_ring, dk_noncrumbling_2,
          onia_ninara_cookie
Vaults:1: v_rooms_5, nicolae_vaults_little_squares_6, v_misc_25,
          vaults_room_pools, st_star, grunt_vaults_twisty, vaults_room_fours,
          ontoclasm_vaults_ring_small, v_misc_30, vaults_mumra_hex,
          nicolae_vaults_windows_and_doors_thing, vaults_room_stairs_pillars,
          layout_vaults_chaotic_city, serial_glass
Vaults:2: dpeg_vaults_waves, nicolae_vaults_little_squares_2,
          hangedman_vaults_stream, v_misc_23, blue_anna_dwarven_crypt,
          v_misc_10, ontoclasm_vaults_gateway, hangedman_vaults_locks,
          v_misc_15, vaults_mumra_minichess, vaults_mumra_chevron,
          vaults_room_corners, ontoclasm_vaults_twist, layout_vaults_ring
Vaults:3: nicolae_vaults_network_s, vaults_room_door_hall,
          ontoclasm_vaults_bender, nicolae_vaults_sealed_display,
          nicolae_vaults_three_branches, layout_vaults_omnigrid, serial_shops,
          nicolae_shop_window_shopping
Vaults:4: gammafunk_vaults_ghost_cemetery, vaults_dpeg_encased_lava,
          vaults_room_semicircle, grunt_vaults_focal, v_misc_29, v_misc_4,
          v_alt_pattern_4, v_misc_2, v_misc_2, v_misc_23,
          nicolae_vaults_specimen_jars, vaults_room_pools,
          hangedman_vaults_nails, vaults_dpeg_ring, layout_vaults_big_cross,
          serial_shops, shop, portal_desolation_entry_nicolae_slug
Vaults:5
Crypt:1:  layout_misc_corridors, uniq_bai_suzhen
Crypt:2:  layout_misc_corridors, uniq_boris, uniq_xtahua
Crypt:3:  evilmike_haunted_forest, uniq_khufu, uniq_sojobo
Depths:1: layout_honeycomb, grunt_hell_entry_dis_grunt, minivault_14,
          minmay_misc_feat_x, nicolae_lava_and_water, st_stairs_14,
          minmay_guarded_unrand_vampires_tooth
Depths:2: hangedman_spin_cycle, hell_entry
Depths:3: regret_index_dithmenos_brocken_genspenst, layout_basic, hell_entry,
          rand_demon_pan_entry_7, chequers_serial_rivers_small_3,
          dk_noncrumbling_3
Depths:4: minmay_the_grid_four_pointed_star_mashed
          [minmay_the_grid_triangle_9x9_minimal,
          minmay_the_grid_triangle_9x9_impossible_snake,
          minmay_the_grid_triangle_9x9_pentomino_pain,
          minmay_the_grid_triangle_9x9_cache,
          minmay_the_grid_prize_four_corners], layout_basic, abyss_entry,
          mu_enter_wizlab_1, hell_entry, kennysheep_small_spiral, uniq_margery,
          uniq_mara
Depths:5: grunt_zot_entry_funnels, layout_long_grid, enter_ziggurat_a,
          rand_demon_pan_entry_8, abyss_entry, hell_entry, minmay_starry_boxes,
          minmay_shop_star
Hell
Zot:1:    gammafunk_sealed_arena, layout_onion
Zot:2:    circus_mu, layout_misc_corridors, st_small_dragon_hoard_3,
          nrook_zot_tub

Skill      XL: |  1  2  3  4  5  6  7  8  9 10 11 12 13 14 15 16 17 18 19 20 21 22 23 24 25 26 27 |
---------------+----------------------------------------------------------------------------------+-----
Summonings     | 3 4 |  4.0
Fighting       | 1 2 3 4 6 7 8 9 10 11 12 14 15 16 17 18 19 20 22 24 | 24.0
Armour         | 1 2 3 4 6 7 8 10 11 12 13 14 15 16 17 | 17.0
Throwing       | 1 2 3 4 5 6 7 8 9 10 11 12 14 15 16 18 20 | 20.0
Dodging        | 3 4 5 6 7 8 9 10 11 12 13 14 15 16 | 16.0
Axes           | 5 8 10 12 13 14 15 | 15.7
Evocations     | 2 4 5 7 8 10 11 12 13 14 15 16 | 16.0
Invocations    | 5 7 10 12 14 18 19 20 21 24 | 24.4
Shields        | 3 4 14 15 | 15.0
Translocations | 1 4 6 7 9 10 | 10.0
Spellcasting   | 2 4 6 7 10 | 10.0
Hexes          | 3 6 |  6.0
Polearms       | 11 | 11.2
Stealth        | |  1.5

Action                   |  1- 3 |  4- 6 |  7- 9 | 10-12 | 13-15 | 16-18 | 19-21 | 22-24 | 25-27 || total
-------------------------+-------+-------+-------+-------+-------+-------+-------+-------+-------++-------
Melee: Unarmed           |    17 |       |       |       |       |       |       |       |     3 ||    20
       Dagger            |   115 |   239 |   279 |       |       |       |       |       |       ||   633
       Headbutt          |    20 |    47 |    59 |    74 |   179 |   151 |   312 |   343 |   544 ||  1729
       War axe           |       |       |    61 |   414 |   849 |       |       |       |       ||  1324
       Spear             |       |       |     4 |       |    19 |     9 |       |       |       ||    32
       Broad axe         |       |       |       |       |   147 |   814 |  1432 |  1420 |  1364 ||  5177
       Trishula          |       |       |       |       |       |       |       |       |  1062 ||  1062
Throw: Dart              |       |    18 |    18 |    17 |       |    13 |     3 |       |       ||    69
       Javelin           |       |       |       |    17 |    29 |    61 |    57 |   105 |   157 ||   426
       Throwing net      |       |       |       |       |       |       |       |       |     1 ||     1
 Cast: Summon Small Mamm |     4 |       |       |       |       |       |       |       |       ||     4
       Apportation       |       |       |       |       |       |       |       |       |    13 ||    13
       Portal Projectile |       |       |       |       |       |       |       |       |     3 ||     3
       Blink             |       |       |       |       |       |       |       |       |     1 ||     1
Invok: Divine Shield     |       |       |       |       |       |     2 |     5 |     5 |     4 ||    16
       Cleansing Flame   |       |       |       |       |       |       |     6 |    15 |    56 ||    77
       Summon Divine War |       |       |       |       |       |       |     6 |     3 |    31 ||    40
       Brand Weapon With |       |       |       |       |       |       |       |       |     1 ||     1
 Abil: Stop Flying       |       |       |       |       |       |       |     1 |       |       ||     1
Evoke: Wand              |       |       |       |    12 |    18 |    25 |     9 |       |    13 ||    77
       Phial of floods   |       |       |       |       |       |     1 |       |       |       ||     1
       Lightning rod     |       |       |       |       |       |     4 |       |     4 |       ||     8
       Lamp of fire      |       |       |       |       |       |       |       |       |     1 ||     1
  Use: Potion            |     1 |     3 |       |     5 |     6 |     1 |     5 |       |    22 ||    43
       Scroll            |       |       |    19 |     4 |    17 |     7 |    11 |    13 |    35 ||   106
  Eat: Chunk             |     4 |     5 |    11 |    14 |    28 |    31 |    31 |    25 |    21 ||   170
       Ration            |       |     1 |     2 |     1 |     2 |     3 |     8 |     5 |    17 ||    39
Armor: Robe              |     6 |       |       |       |       |       |       |       |       ||     6
       Leather armour    |     9 |       |       |       |       |       |       |       |       ||     9
       Ring mail         |     2 |       |       |       |       |       |       |       |       ||     2
       Chain mail        |    39 |   135 |   245 |   204 |   562 |   374 |   716 |   455 |   327 ||  3057
       Storm dragon scal |       |       |       |       |       |       |       |       |   437 ||   437
Dodge: Dodged            |    77 |    54 |   146 |   212 |   663 |   547 |  1224 |   675 |  1148 ||  4746
Block: Buckler           |       |       |       |       |       |   195 |   182 |       |       ||   377
       Shield            |       |       |       |       |       |       |   786 |   856 |  1443 ||  3085
       Reflection        |       |       |       |       |       |       |    71 |    53 |    43 ||   167

Action                   |  1- 3 |  4- 6 |  7- 9 | 10-12 | 13-15 | 16-18 | 19-21 | 22-24 | 25-27 || total
-------------------------+-------+-------+-------+-------+-------+-------+-------+-------+-------++-------
Melee: Unarmed           |    17 |       |       |       |       |       |       |       |     3 ||    20
       Dagger            |   115 |   239 |   279 |       |       |       |       |       |       ||   633
       Headbutt          |    20 |    47 |    59 |    74 |   179 |   151 |   312 |   343 |   544 ||  1729
       War axe           |       |       |    61 |   414 |   849 |       |       |       |       ||  1324
       Spear             |       |       |     4 |       |    19 |     9 |       |       |       ||    32
       Broad axe         |       |       |       |       |   147 |   814 |  1432 |  1420 |  1364 ||  5177
       Trishula          |       |       |       |       |       |       |       |       |  1062 ||  1062
Throw: Dart              |       |    18 |    18 |    17 |       |    13 |     3 |       |       ||    69
       Javelin           |       |       |       |    17 |    29 |    61 |    57 |   105 |   157 ||   426
       Throwing net      |       |       |       |       |       |       |       |       |     1 ||     1
 Cast: Summon Small Mamm |     4 |       |       |       |       |       |       |       |       ||     4
       Apportation       |       |       |       |       |       |       |       |       |    13 ||    13
       Portal Projectile |       |       |       |       |       |       |       |       |     3 ||     3
       Blink             |       |       |       |       |       |       |       |       |     1 ||     1
Invok: Divine Shield     |       |       |       |       |       |     2 |     5 |     5 |     4 ||    16
       Cleansing Flame   |       |       |       |       |       |       |     6 |    15 |    56 ||    77
       Summon Divine War |       |       |       |       |       |       |     6 |     3 |    31 ||    40
       Brand Weapon With |       |       |       |       |       |       |       |       |     1 ||     1
 Abil: Stop Flying       |       |       |       |       |       |       |     1 |       |       ||     1
Evoke: Wand              |       |       |       |    12 |    18 |    25 |     9 |       |    13 ||    77
       Phial of floods   |       |       |       |       |       |     1 |       |       |       ||     1
       Lightning rod     |       |       |       |       |       |     4 |       |     4 |       ||     8
       Lamp of fire      |       |       |       |       |       |       |       |       |     1 ||     1
  Use: Potion            |     1 |     3 |       |     5 |     6 |     1 |     5 |       |    22 ||    43
       Scroll            |       |       |    19 |     4 |    17 |     7 |    11 |    13 |    35 ||   106
  Eat: Chunk             |     4 |     5 |    11 |    14 |    28 |    31 |    31 |    25 |    21 ||   170
       Ration            |       |     1 |     2 |     1 |     2 |     3 |     8 |     5 |    17 ||    39
Armor: Robe              |     6 |       |       |       |       |       |       |       |       ||     6
       Leather armour    |     9 |       |       |       |       |       |       |       |       ||     9
       Ring mail         |     2 |       |       |       |       |       |       |       |       ||     2
       Chain mail        |    39 |   135 |   245 |   204 |   562 |   374 |   716 |   455 |   327 ||  3057
       Storm dragon scal |       |       |       |       |       |       |       |       |   437 ||   437
Dodge: Dodged            |    77 |    54 |   146 |   212 |   663 |   547 |  1224 |   675 |  1148 ||  4746
Block: Buckler           |       |       |       |       |       |   195 |   182 |       |       ||   377
       Shield            |       |       |       |       |       |       |   786 |   856 |  1443 ||  3085
       Reflection        |       |       |       |       |       |       |    71 |    53 |    43 ||   167
